 Dungeon Crawl Stone Soup version 0.29.1-1-gd02db6906a (webtiles) character file.

Game seed: 10390039061751042595

194 Zeld the Chopper (level 5, -1/47 HPs)
             Began as a Minotaur Berserker on Oct 19, 2022.
             Was a Believer of Trog.
             Killed from afar by a dart slug (5 damage)
             ... with a slug dart
             ... on level 4 of the Dungeon.
             The game lasted 00:02:30 (3400 turns).

Zeld the Chopper (Minotaur Berserker)               Turns: 3400, Time: 00:02:31

Health: -1/47      AC:  3    Str: 29    XL:     5   Next: 44%
Magic:  4/4        EV: 12    Int:  4    God:    Trog [**....]
Gold:   147        SH:  0    Dex: 10    Spells: 4/4 levels left

rFire   . . .      SeeInvis .   a - +2 war axe (elec)
rCold   . . .      Faith    .   (no shield)
rNeg    . . .      Spirit   .   b - +0 animal skin
rPois   .          Reflect  .   (helmet restricted)
rElec   .          Harm     .   f - +0 cloak
rCorr   .          Rampage  .   (no gloves)
Will    ++...                   (no boots)
Stlth   +.........              (no amulet)
HPRegen 1.15/turn               h - +6 ring of strength
MPRegen 0.09/turn               (no ring)

@: strong-willed, on berserk cooldown, regenerating, slowed, very slow
A: horns 2, retaliatory headbutt
a: Renounce Religion, Berserk, Trog's Hand


You were on level 4 of the Dungeon.
You worshipped Trog.
Trog was pleased with you.
You visited 1 branch of the dungeon, and saw 4 of its levels.

You collected 147 gold pieces.

Inventory:

Hand Weapons
 a - a +2 war axe of electrocution (weapon)
Armour
 b - a +0 animal skin (worn)
 f - a +0 cloak (worn)
Jewellery
 h - a +6 ring of strength (left hand)
Scrolls
 c - a scroll of enchant armour {unknown}
 g - a scroll of enchant weapon {unknown}
 k - a scroll of immolation {unknown}
 m - a scroll of identify {unknown}
 o - a scroll of poison {unknown}
Potions
 d - 2 potions of lignification {unknown}
 e - 2 potions of curing {unknown}
 i - a potion of ambrosia {unknown}
 j - 4 potions of brilliance {unknown}
 l - a potion of magic {unknown}
 n - a potion of might {unknown}


   Skills:
 + Level 4.6 Fighting
 * Level 5.5 Axes
 + Level 3.7 Armour
 + Level 3.3 Dodging


You had 4 spell levels left.
You didn't know any spells.
Your spell library was empty.

Dungeon Overview and Level Annotations

Branches:
Dungeon (4/15)
 Temple: D:4-7

Altars:


Innate Abilities, Weirdness & Mutations

You have a pair of horns on your head.
You reflexively headbutt those who attack you in melee.


Message History

Beogh smites you!
Things that are here:
a +0 mace; a +0 leather armour; an adder corpse You slash the orc priest!
You kill the orc priest!
Trog accepts your kill.
Things that are here:
a +0 club; an orc corpse You feel a strong urge to attack something.
Things that are here:
a +0 mace; a +0 leather armour; an adder corpse You are too injured to fight recklessly!
You are no longer berserk.
You are exhausted.
You feel yourself slow down.
The kobold throws a stone.
The stone misses you. The dart slug launches a dart at you.
The slug dart hits you. The kobold barely misses you.
You barely miss the kobold. Your headbutt misses the kobold.
The kobold hits you but does no damage. The dart slug launches a dart at you.
The slug dart hits you.
* * * LOW HITPOINT WARNING * * *
The kobold hits you with a +0 whip.
* * * LOW HITPOINT WARNING * * *
The dart slug launches a dart at you. The slug dart hits you.
* * * LOW HITPOINT WARNING * * *
You closely miss the kobold. The kobold hits you with a +0 whip.
* * * LOW HITPOINT WARNING * * *
The kobold barely misses you. The dart slug launches a dart at you.
The slug dart hits you but does no damage.
Unknown command.
Okay, then.
Your skin crawls.
You feel strong-willed. The kobold closely misses you.
The dart slug launches a dart at you. The slug dart hits you.
You die...

......#........<.....(#
.......................
......##..............8.
.......#..........#.....
..................#.#.8.
#...#...8........... ..
..#..###)))......... . .
......##)8......?... ..
#...K@............
#......#..........
#.....w##.##......
##.........##....
#...........#...
...............
.##...........##
............


You could see a dart slug and a kobold.

Vanquished Creatures
  An orc priest (D:4)
  3 gnolls (D:3)
  5 adders
  2 worms
  2 dart slugs
  5 orcs
  3 ball pythons
  5 bats
  7 endoplasms
  6 giant cockroaches
  6 hobgoblins
  7 jackals (D:1)
  8 kobolds
  A quokka (D:1)
  5 frilled lizards
  3 goblins
  6 rats
75 creatures vanquished.

Notes
Turn   | Place    | Note
-------+----------+-------------------------------------------
     0 | D:1      | Zeld the Minotaur Berserker began the quest for the Orb.
     0 | D:1      | Reached XP level 1. HP: 19/19 MP: 0/0
   189 | D:1      | Reached XP level 2. HP: 15/27 MP: 1/1
   191 | D:1      | Reached skill level 4 in Axes
   986 | D:1      | Reached XP level 3. HP: 27/33 MP: 2/2
  1844 | D:2      | Reached ** piety under Trog
  1860 | D:2      | HP: 1/33 [worm (8)]
  2155 | D:2      | Reached XP level 4. HP: 40/40 MP: 3/3
  2324 | D:2      | Found a faded altar of an unknown god.
  2577 | D:3      | Reached skill level 5 in Axes
  2928 | D:3      | Reached XP level 5. HP: 42/47 MP: 4/4
  3399 | D:4      | HP: 2/47 [kobold/+0 whip (3)]
  3400 | D:4      | Killed from afar by a dart slug

Illustrated notes

Levels and vault maps discovered:
D:1:      dpeg_arrival_arbitrary_a, layout_loops_corners
D:2:      layout_loops_ring, shapermc_ecumenical_altar_venn
D:3:      layout_basic
D:4:      layout_cave_pools, gammafunk_temple_overflow_elements,
          grunt_temple_overflow_opulence, serial_column_ruins,
          column_ruins_grid_4, column_ruins_grid_4, column_ruins_columns_corner,
          column_ruins_columns_corner, nicolae_shop_fire_sale
          [nicolae_sub_dead_trees], uniq_pikel, uniq_menkaure, uniq_duvessa

Skill      XL: |  1  2  3  4 |
---------------+-------------+-----
Axes           | 4 5 |  5.5
Fighting       | 4 |  4.6
Armour         | 3 |  3.7
Dodging        | 3 |  3.3

Action                   |  1- 3 |  4- 6 || total
-------------------------+-------+-------++-------
Melee: Hand axe          |    84 |    11 ||    95
       Headbutt          |     9 |     5 ||    14
       War axe           |       |    48 ||    48
Invok: Berserk           |     1 |     1 ||     2
       Trog's Hand       |       |     1 ||     1
 Stab: Sleeping          |     2 |     4 ||     6
Armor: Animal skin       |    15 |    17 ||    32
Dodge: Dodged            |    69 |    43 ||   112
